 Dungeon Crawl Stone Soup version 0.30.0-29-ga12c61a403 (webtiles) character file.

Game seed: 16179959780192416278

170 Fodor the Trooper (level 5, -3/47 HPs)
             Began as a Minotaur Fighter on June 11, 2023.
             Slain by Crazy Yiuf
             ... wielding a +4 quarterstaff of chaos
              (12 damage)
             ... on level 2 of the Dungeon.
             The game lasted 00:09:19 (2266 turns).

Fodor the Trooper (Minotaur Fighter)                Turns: 2266, Time: 00:09:20

Health: -3/47      AC:  7    Str: 21    XL:     5   Next: 25%
Magic:  4/4        EV:  9    Int:  5    God:
Gold:   97         SH:  5    Dex: 11    Spells: 4/4 levels left

rFire   . . .        a - +0 long sword
rCold   . . .        c - +0 buckler
rNeg    . . .        b - +0 scale mail
rPois   .            (helmet restricted)
rElec   .            (no cloak)
rCorr   .            (no gloves)
SInv    .            (no boots)
Will    .....        (no amulet) Stlth
                     (no ring)
HPRegen 0.27/turn    (no ring)
MPRegen 0.09/turn

%: no passive effects
@: lethally poisoned (-3 -> -15)
A: horns 2, retaliatory headbutt
a: no special abilities


You were on level 2 of the Dungeon.
You visited 1 branch of the dungeon, and saw 2 of its levels.

You collected 97 gold pieces.

Inventory:

Hand Weapons
 a - a +0 long sword (weapon)
 j - a +0 whip of draining
Missiles
 h - 26 stones (quivered)
 k - 3 poisoned darts
 l - 4 boomerangs
 o - 3 datura-tipped darts
Armour
 b - a +0 scale mail (worn)
 c - a +0 buckler (worn)
Scrolls
 i - a scroll of vulnerability {unknown}
 m - a scroll of identify {unknown}
 r - a scroll of summoning {unknown}
Potions
 d - a potion of might
 e - a potion of haste {unknown}
 f - a potion of attraction {unknown}
 g - a potion of heal wounds {unknown}
 n - a potion of brilliance {unknown}
 p - a potion of magic {unknown}
 q - a potion of mutation {unknown}


   Skills:
 + Level 4.9 Fighting
 + Level 3.7 Long Blades
 + Level 4.4 Armour
 + Level 1.1 Dodging
 + Level 4.7 Shields


You had 4 spell levels left.
You didn't know any spells.
Your spell library contained the following spells:

 Spells                   Type           Power      Damage    Failure   Level
 Poisonous Vapours        Pois/Air       0%         N/A       95%         2
 Mephitic Cloud           Conj/Pois/Air  0%         N/A       99%         3
 Freezing Cloud           Conj/Ice/Air   0%         6-21      100%        5


Dungeon Overview and Level Annotations

Branches:
Dungeon (2/15)

Altars:

Annotations:
D:2 Crazy Yiuf


Innate Abilities, Weirdness & Mutations

You have a pair of horns on your head.
You reflexively headbutt those who attack you in melee.


Message History

The adder is heavily wounded.
You feel very sick. The adder barely misses you.
The adder bites you but does no damage.
You hit the adder. Your headbutt misses the adder.
The adder is almost dead.
You feel sick. The adder bites you.
You slash the adder!
You kill the adder!
You feel sick.
You feel sick.
You feel sick.
You feel sick.
You feel sick.
You are no longer poisoned.
You start resting.
HP restored.
There is a stone staircase leading down here.
You see here a +0 dagger.
Crazy Yiuf shouts!
Crazy Yiuf laughs, "Cake hog horse!"
Crazy Yiuf grits, "Prologue pizzabubble sing-song!"
You open the door. You closely miss Crazy Yiuf.
Your headbutt misses Crazy Yiuf.
Crazy Yiuf hits you with a +4 quarterstaff of chaos!
You are electrocuted!
You hit Crazy Yiuf.
Crazy Yiuf is moderately wounded.
You block Crazy Yiuf's attack.
You slash Crazy Yiuf!
Crazy Yiuf is severely wounded.
Crazy Yiuf hits you with a +4 quarterstaff of chaos.
Crazy Yiuf hits you with a +4 quarterstaff of chaos!
* * * LOW HITPOINT WARNING * * *
You are lethally poisoned!
You hit Crazy Yiuf.
Crazy Yiuf is almost dead.
* * * LOW HITPOINT WARNING * * *
You feel very sick.
Crazy Yiuf hits you with a +4 quarterstaff of chaos!
You die...

..#.##..##.#####..###########..##
....##..##.# #....# ..........
........##.# #....# ######...#
..#.....##.# ##...# #...##
#...##..##.# ##)## ###.....
≈≈.........# ##.# ###.....##
≈§.........# #.## .........#
§≈§.###.##.# ##.# ........##
≈≈§.###.##.# #@## ..####.)##
§≈§.....##.# #g# ##### #.)).
≈§≈.###.##.# ... #...# ##.##
§§≈.###.##.# #...# #...# #)#
§≈.........# #)..# #...# #.#
§≈......##.# ##### #..######'##
#..........# #..##.....)#
..#.###.########### #..##......#
.##.# #.####.##...# ##.##......#


You could see Crazy Yiuf.

Vanquished Creatures
  Jessica (D:2)
  Terence (D:2)
  Robin (D:2)
  4 adders (D:2)
  3 worms (D:2)
  An orc (D:2)
  2 ball pythons (D:1)
  2 bats
  An endoplasm (D:1)
  A giant cockroach (D:2)
  17 goblins
  6 hobgoblins
  8 jackals
  A quokka (D:1)
  2 frilled lizards (D:1)
  4 kobolds (D:1)
  5 rats
60 creatures vanquished.

Notes
Turn   | Place    | Note
-------+----------+-------------------------------------------
     0 | D:1      | Fodor the Minotaur Fighter began the quest for the Orb.
     0 | D:1      | Reached XP level 1. HP: 19/19 MP: 0/0
   295 | D:1      | Reached XP level 2. HP: 27/27 MP: 1/1
   756 | D:2      | Reached XP level 3. HP: 33/33 MP: 2/2
   919 | D:2      | Noticed Robin
   953 | D:2      | Killed Robin
   956 | D:2      | Reached XP level 4. HP: 11/40 MP: 3/3
  1314 | D:2      | Found a runed translucent door.
  1315 | D:2      | Noticed Crazy Yiuf
  1413 | D:2      | Reached skill level 1 in Dodging
  1564 | D:2      | Noticed Jessica
  1564 | D:2      | Noticed Terence
  1579 | D:2      | Killed Terence
  1582 | D:2      | Killed Jessica
  1583 | D:2      | Reached XP level 5. HP: 7/47 MP: 4/4
  2266 | D:2      | Slain by Crazy Yiuf

Illustrated notes

Levels and vault maps discovered:
D:1:      minmay_arrival_four_loops, layout_loops_ring
D:2:      layout_basic, grunt_decor_arrowhead, grunt_decor_junction,
          uniq_crazy_yiuf_cottage, uniq_jessica, uniq_robin, uniq_terence

Skill      XL: |  1  2  3  4 |
---------------+-------------+-----
Armour         | 4 |  4.4
Fighting       | 4 |  4.9
Long Blades    | 3 |  3.7
Shields        | 4 |  4.7
Dodging        | 1 |  1.1

Action                     |  1- 3 |  4- 6 || total
---------------------------+-------+-------++-------
  Melee: Long sword        |    97 |    61 ||   158
         Headbutt          |    10 |    11 ||    21
 Armour: Scale mail        |    67 |    26 ||    93
  Dodge: Dodged            |    69 |    23 ||    92
  Block: Buckler           |    35 |    19 ||    54
